 Dungeon Crawl Stone Soup version 0.21.3-3-g218456f21e (webtiles) character file.

11 CurlyBrace the Sneak (level 2, -3/11 HPs)
             Began as a Felid Earth Elementalist on Mar 8, 2021.
             Killed by divine providence
             ... invoked by an orc priest
              (11 damage)
             ... on level 3 of the Dungeon.
             The game lasted 00:02:50 (159 turns).

CurlyBrace the Sneak (Felid Earth Elementalist)      Turns: 159, Time: 00:02:50

Health: -3/11      AC:  1    Str:  4    XL:     2   Next: 13%
Magic:  6/6        EV: 18    Int: 16    God:
Gold:   25         SH:  0    Dex: 16    Spells: 4/5 levels left
                                        Lives:  0   Deaths: 0

rFire    . . .     SeeInvis +     - Unarmed
rCold    . . .     Gourm    .   (shield unavailable)
rNeg     . . .     Faith    .   (armour unavailable)
rPois    .         Spirit   .   (helmet unavailable)
rElec    .         Reflect  .   (cloak unavailable)
rCorr    .         Harm     .   (gloves unavailable)
MR       .....                  (boots unavailable)
Stlth    +++.......             (no amulet)
HPRegen  0.03/turn              (no ring)
MPRegen  0.10/turn              (no ring)

@: quick
A: very small, no armour, no weapons or thrown items, stealth, claws 1, fangs 3,
see invisible, carnivore, speed 1, shaggy fur 1, slow metabolism 1, sharp paws
a: no special abilities


You were on level 3 of the Dungeon.
You were not hungry.

You visited 1 branch of the dungeon, and saw 3 of its levels.

You collected 25 gold pieces.

Inventory:

Missiles
 b - 38 stones
Potions
 a - a potion of curing {unknown}
Books
 d - a book of Geomancy

   Spells                             Type                      Level
   a - Sandblast                      Earth                        1
   b - Passwall                       Transmutation/Earth          2
   c - Stone Arrow                    Conjuration/Earth            3
   d - Petrify                        Transmutation/Earth          4
   e - Lee's Rapid Deconstruction     Earth                        5
Comestibles
 e - 2 rations


   Skills:
 + Level 0.1 Fighting
 + Level 2.9 Dodging
 + Level 2.9 Stealth
 - Level 1.0 Unarmed Combat
 - Level 2.0 Spellcasting
   Level 1.1 Transmutations
 + Level 2.8 Earth Magic


You had 4 spell levels left.
You knew the following spells:

 Your Spells              Type           Power        Failure   Level  Hunger
a - Sandblast             Erth           ##....       6%          1    #......


Dungeon Overview and Level Annotations

Branches:
Dungeon (3/15)

Altars:


Innate Abilities, Weirdness & Mutations

You cannot wear armour.
You are incapable of wielding weapons or throwing items.
Your paws allow you to move quietly. (Stealth)
You have sharp claws.
You have razor-sharp teeth.
You have supernaturally acute eyesight. (SInv)
You are carnivorous and can eat meat at any time.
You cover ground quickly.
You are covered in fur. (AC +1)
You have a slow metabolism.
Your sharp claws are effective at attacking unaware monsters.


Message History

The kobold throws a stone.
The stone closely misses you.
Casting: Sandblast
Confirm with . or Enter, or press ? or * to list all spells.
Aiming: Sandblast
Press: ? - help, Shift-Dir - straight line, f - kobold
Aim: a kobold, wielding a dagger The blast of sand hits the kobold.
You kill the kobold!
b - 38 stones
Things that are here:
a dagger; a stone A frilled lizard, an orc, an orc priest and an orc wizard come into view.
An orc wizard comes into view. It is wielding a dagger.
Found a lumpy green potion.
The orc priest mumbles some strange prayers to Beogh against you.
You barely resist.
The orc priest calls down the wrath of Beogh upon you.
Beogh smites you!
Ouch! That really hurt!
You die...

.# .. # .# .. . .# .# .#
. .### .##.#o# ...#
.#..o##
<..###.##########.o..o..
.....)...............l..
.###########.###.#.....
.### #.# #@# ..# ...#
#.# #.# # ...#########.#
... .....((.....)#.#..#
...###########.##.# ...#
# .# #### .# .#


You could see an orc priest.

Vanquished Creatures
  A worm (D:2)
  A ball python (D:2)
  A goblin (D:2)
  2 kobolds
  A frilled lizard (D:2)
  3 rats
9 creatures vanquished.

Notes
Turn   | Place    | Note
-------+----------+-------------------------------------------
     0 | D:1      | CurlyBrace the Felid Earth Elementalist began the quest for the Orb.
     0 | D:1      | Reached XP level 1. HP: 7/7 MP: 4/4
    44 | D:2      | Reached skill level 1 in Unarmed Combat
    46 | D:2      | Reached XP level 2. HP: 11/11 MP: 0/6
   159 | D:3      | Killed from afar by an orc priest

Skill      XL: |  1 |
---------------+----+-----
Unarmed Combat | 1 |  1.0
Fighting       | |  0.1
Dodging        | |  2.9
Stealth        | |  2.9
Spellcasting   | |  2.0
Transmutations | |  1.1
Earth Magic    | |  2.8

Action                   || total
-------------------------++-------
Melee: Unarmed           ||     8
 Cast: Sandblast         ||     9
  Use: Potion            ||     1
Armor: Skin              ||     7
Dodge: Dodged            ||     4
